AoeStats
← Mycorrhizal

Nomad

508696465Analyzed
4v4 RM · 8d ago on Sep 23, 2026· 28m 33s· 8 players
Game mode
Random Map
Map size
231×231
Population
200
Speed
Normal
Resources
Standard
Victory
Conquest
Starting age
Dark Age
Ending age
Imperial Age
RankedLock teamsTeams togetherTeam positionsShared explorationLock speedFull tech treeHidden civsTurbo modeCheats
Victory
Defeat
🇳🇴 Magyars · Norway
1511
+13
🇨🇿 Danes · Czechia
1489
+14
🇩🇪 Varangians · Germany
1472
+15
🇹🇷 Koreans · Türkiye
1450
+16
🇲🇽 Varangians · Mexico
1480
-16
🇨🇳 Persians · China
1476
-16
🇨🇦 Dravidians · Canada
1435
-14
🇺🇸 Muisca · United States
1394
-12
daMastah2
4:39 Loom
12:39 Feudal Age
14:21 Town Watch
16:56 Fletching
19:01 Arson
22:48 Man-at-Arms
DetectiveYemitoShumafuk
4:24 Loom
12:16 Feudal Age
13:07 Double-Bit Axe
13:45 Fletching
21:08 Castle Age
19:30 Gold Mining
20:28 Stone Mining
20:22 Horse Collar
22:45 Bodkin Arrow
[UDeaD]EL ROJO
5:02 Loom
13:28 Feudal Age
14:41 Fishing Lines
17:05 Castle Age
15:04 Double-Bit Axe
16:05 Scale Barding Armor
16:34 Bloodlines
18:06 Bow Saw
17:48 Gillnets
25:46 Chain Barding Armor
25:37 Forging
25:55 Husbandry
25:52 Gold Mining
27:24 Wheelbarrow
27:27 Town Watch
csknahmet27
3:06 Loom
14:12 Feudal Age
18:22 Castle Age
jules
10:15 Loom
12:27 Feudal Age
13:06 Double-Bit Axe
18:46 Castle Age
18:11 Fletching
20:36 Padded Archer Armor
robecha18
5:21 Loom
5:43 Loom
14:13 Feudal Age
14:59 Double-Bit Axe
16:17 Fishing Lines
21:03 Castle Age
20:58 Bloodlines
21:58 Scale Barding Armor
23:43 Chain Barding Armor
24:08 Forging
25:06 Fletching
29:14 Iron Casting
28:57 Husbandry
Mycorrhizal
3:49 Loom
12:24 Feudal Age
13:09 Double-Bit Axe
16:01 Fletching
19:54 Wheelbarrow
24:24 Castle Age
25:20 Medium Warships
25:07 Bodkin Arrow
超级硬邦邦
3:02 Loom
13:56 Feudal Age
19:55 Castle Age
19:36 Gold Mining
20:17 Horse Collar
Connection lost

Rejoining the realm…

Still unreachable

The connection could not be restored.

Session expired

The server has moved on; the page needs a fresh start.